[Event "ICC tourney 2541 (3 2)"]
[Site "Internet Chess Club"]
[Date "2021.04.30"]
[Round "9"]
[White "SZERENCSY, IAN:iszerencsy"]
[Black "BOYINEPALLY, KIRAN:BoyinK-99"]
[Result "1-0"]
[ICCResult "Black resigns"]
[WhiteElo "1371"]
[BlackElo "1673"]
[Opening "Caro-Kann: Tartakower (fantasy) variation"]
[ECO "B12"]
[NIC "CK.02"]
[Time "22:16:20"]
[PlyCount "73"]
[TimeControl "180+2"]

1. e4 c6 2. d4 d5 3. f3 dxe4 4. fxe4 e6 5. Nf3 Nd7 6. Nc3 Qc7 7. Be3 c5 8.
d5 Ne5 9. Nb5 Nxf3+ 10. Qxf3 Qa5+ 11. Bd2 Qb6 12. Bc4 a6 13. dxe6 Bxe6 14.
Bxe6 fxe6 15. Nc3 Nf6 16. e5 Nd7 17. Na4 Qb5 18. Nc3 Qb6 19. O-O O-O-O 20.
Bf4 c4+ 21. Kh1 Nc5 22. Be3 Qc7 23. b3 Qxe5 24. Bf4 Qd4 25. Rad1 Qf6 26.
Qe3 Rxd1 27. Rxd1 Be7 28. b4 Nd7 29. Ne4 Qf7 30. Bd6 Kd8 31. Bxe7+ Kxe7 32.
Nc5 Nxc5 33. Qxc5+ Ke8 34. Qc8+ Ke7 35. Qxh8 Qf6 36. Qd8+ Kf7 37. Rd7+ {
Black resigns } 1-0

[Event "ICC tourney 2541 (3 2)"]
[Site "Internet Chess Club"]
[Date "2021.04.30"]
[Round "9"]
[White "ALEKSANDROV, ALEKSEJ:Aleksandrov73"]
[Black "CALVELO, JELVIS ARANDELA:JelvisCalvelo04"]
[Result "1-0"]
[ICCResult "Black resigns"]
[WhiteElo "2623"]
[BlackElo "2081"]
[Opening "Benoni defense"]
[ECO "A61"]
[NIC "BI.38"]
[Time "22:16:23"]
[PlyCount "91"]
[TimeControl "180+2"]

1. d4 Nf6 2. c4 c5 3. d5 e6 4. Nc3 exd5 5. cxd5 Bd6 6. g3 O-O 7. Bg2 a6 8.
a4 Re8 9. e4 Nxe4 10. Nxe4 f5 11. Ne2 fxe4 12. O-O Bf8 13. Qc2 d6 14. Bxe4
g6 15. Nf4 Qf6 16. Bd2 Bf5 17. Bxf5 Qxf5 18. Qxf5 gxf5 19. Ne6 Re7 20. Bf4
Rd7 21. Ra3 a5 22. Rb3 Na6 23. Rb6 Nb4 24. Nxf8 Kxf8 25. Bxd6+ Kf7 26. Bxc5
Nxd5 27. Rb5 Rc8 28. Re1 f4 29. Kg2 fxg3 30. hxg3 Rc6 31. Rh1 Kg6 32. Rh4
h5 33. Rd4 Nf6 34. Rxd7 Nxd7 35. Be3 b6 36. Rg5+ Kf7 37. Rxh5 Rc2 38. Rb5
Rc6 39. g4 Ke6 40. Kg3 Rc4 41. b3 Rc6 42. Kf4 Nf6 43. g5 Nd5+ 44. Kg4 Ke5
45. f3 Ke6 46. Bd4 { Black resigns } 1-0

[Event "ICC tourney 2541 (3 2)"]
[Site "Internet Chess Club"]
[Date "2021.04.30"]
[Round "9"]
[White "HIBBS, ROBERT:BotanicalKnight"]
[Black "CHANG, ANSEL Yiktong:anselc"]
[Result "0-1"]
[ICCResult "White resigns"]
[WhiteElo "1381"]
[BlackElo "933"]
[Opening "Sicilian: closed"]
[ECO "B23"]
[NIC "SI.44"]
[Time "22:16:23"]
[PlyCount "94"]
[TimeControl "180+2"]

1. e4 c5 2. Nc3 d6 3. f4 Nf6 4. d3 g6 5. Nf3 Bg7 6. g3 O-O 7. Bg2 Nc6 8.
O-O a6 9. a3 Qb6 10. Kh1 Bd7 11. h3 Rfd8 12. g4 h5 13. g5 Nh7 14. Nd5 Qa7
15. c3 e6 16. Ne3 Rac8 17. Nh4 b5 18. Qe1 Ne7 19. Qg3 Bc6 20. f5 Be5 21.
Qf2 exf5 22. exf5 Bxg2+ 23. Qxg2 Qa8 24. fxg6 fxg6 25. Nf3 Bf4 26. Nh4 Bxg5
27. Nf3 Rf8 28. Bd2 Kg7 29. h4 Bxe3 30. Bxe3 Nf5 31. Bg5 Nxg5 32. Nxg5
Qxg2+ 33. Kxg2 Nxh4+ 34. Kg3 Rxf1 35. Rxf1 Nf5+ 36. Kg2 Re8 37. Ne4 Ne3+
38. Kf2 Nxf1 39. Kxf1 Kf7 40. Nxd6+ Ke7 41. Nxe8 Kxe8 42. Kg2 Kf7 43. Kg3
Kf6 44. d4 cxd4 45. cxd4 Ke6 46. Kh4 Kd5 47. Kg5 Kxd4 { White resigns } 0-1

[Event "ICC tourney 2541 (3 2)"]
[Site "Internet Chess Club"]
[Date "2021.04.30"]
[Round "9"]
[White "Zimmerman, Kevin:blackjack721"]
[Black "WILLY, STEPHEN:stephenwilly"]
[Result "0-1"]
[ICCResult "White resigns"]
[WhiteElo "1359"]
[BlackElo "1460"]
[Opening "Giuoco Piano: Bird's attack"]
[ECO "C54"]
[NIC "IG.02"]
[Time "22:16:19"]
[PlyCount "130"]
[TimeControl "180+2"]

1. e4 e5 2. Nf3 Nc6 3. Bc4 Bc5 4. c3 Nf6 5. b4 Bb6 6. d3 d6 7. Qb3 O-O 8.
a4 a5 9. b5 Ne7 10. Bg5 Ng6 11. Nbd2 h6 12. Be3 Bxe3 13. fxe3 b6 14. d4
exd4 15. cxd4 Bb7 16. d5 Re8 17. Bd3 Nd7 18. O-O Nc5 19. Qc2 Nxd3 20. Qxd3
Qf6 21. Nd4 Qg5 22. N2f3 Qf6 23. Nc6 Bxc6 24. dxc6 Ne5 25. Nxe5 Qxe5 26.
Qd5 Qxd5 27. exd5 Rxe3 28. Rf3 Rxf3 29. gxf3 Re8 30. Ra3 Re2 31. h4 Rd2 32.
Re3 Kf8 33. f4 Rxd5 34. Re4 Rh5 35. Kg2 Rxh4 36. Kg3 Rh1 37. f5 Rf1 38. Kg4
Rb1 39. Kh5 Rb3 40. f6 gxf6 41. Kg4 Rc3 42. Rf4 Kg7 43. Kh4 Rc5 44. Re4 Re5
45. Rg4+ Kh7 46. Rf4 f5 47. Kh5 f6 48. Rf3 f4+ 49. Kh4 Re4 50. Kg4 Rxa4 51.
Rxf4 Rxf4+ 52. Kxf4 a4 53. Kf5 a3 54. Kxf6 a2 55. Ke7 a1=Q 56. Kd7 Qa7 57.
Kd8 d5 58. Kd7 d4 59. Ke6 d3 60. Kd5 d2 61. Ke6 d1=Q 62. Kf6 h5 63. Kg5 Qa5
64. Kf6 h4 65. Ke7 h3 { White resigns } 0-1

[Event "ICC tourney 2541 (3 2)"]
[Site "Internet Chess Club"]
[Date "2021.04.30"]
[Round "9"]
[White "Lamas, David:ChessMonkey123"]
[Black "BROWN, MADISON:USChessNinja"]
[Result "1-0"]
[ICCResult "Black forfeits on time"]
[WhiteElo "1431"]
[BlackElo "1714"]
[Opening "Sicilian: dragon, Levenfish variation"]
[ECO "B71"]
[NIC "SI.15"]
[Time "22:16:26"]
[PlyCount "65"]
[TimeControl "180+2"]

1. e4 c5 2. Nf3 d6 3. d4 cxd4 4. Nxd4 Nf6 5. Nc3 g6 6. f4 Bg7 7. e5 Nfd7 8.
e6 Nf6 9. exf7+ Kxf7 10. Bc4+ d5 11. Bb3 e6 12. O-O Rf8 13. Bd2 Nc6 14.
Nxc6 bxc6 15. Be3 Kg8 16. Bc5 Rf7 17. Re1 Ba6 18. Rxe6 Rc8 19. Ba4 Ne4 20.
Nxe4 dxe4 21. Qxd8+ Rxd8 22. Bxc6 Rc8 23. Re8+ Rxe8 24. Bxe8 Rxf4 25. Be3
Rf8 26. Ba4 Bxb2 27. Bb3+ Kh8 28. Rc1 Rf1+ 29. Rxf1 Bxf1 30. Kxf1 Bc3 31.
Bxa7 e3 32. Bxe3 Bf6 33. h4 { Black forfeits on time } 1-0

[Event "ICC tourney 2541 (3 2)"]
[Site "Internet Chess Club"]
[Date "2021.04.30"]
[Round "9"]
[White "GAO, MATTHEW IAN:xcelswimmer"]
[Black "Lopez, Santiago Ernesto:Oyant"]
[Result "1-0"]
[ICCResult "Black forfeits on time"]
[WhiteElo "1918"]
[BlackElo "1357"]
[Opening "QGD: exchange, positional line"]
[ECO "D35"]
[NIC "QO.16"]
[Time "22:16:21"]
[PlyCount "61"]
[TimeControl "180+2"]

1. d4 Nf6 2. c4 e6 3. Nc3 d5 4. cxd5 exd5 5. Bg5 Be7 6. e3 c5 7. dxc5 Bxc5
8. Bxf6 Qxf6 9. Qxd5 Nd7 10. Bb5 Qb6 11. Rd1 O-O 12. Bxd7 Bxd7 13. Qxd7
Rad8 14. Qa4 Qxb2 15. Nge2 Rxd1+ 16. Nxd1 Bb4+ 17. Kf1 Qd2 18. g3 a5 19.
Nd4 Qd3+ 20. Kg2 Qe4+ 21. f3 Qd3 22. Qb3 Qd2+ 23. Nf2 Re8 24. Rd1 Qc3 25.
Qxc3 Bxc3 26. Nb5 Bb4 27. e4 f6 28. Rd7 b6 29. Nd3 Bd2 30. Nd6 Rb8 31. Kf2
{ Black forfeits on time } 1-0

[Event "ICC tourney 2541 (3 2)"]
[Site "Internet Chess Club"]
[Date "2021.04.30"]
[Round "9"]
[White "CARDOSO, CARLOS:cjcardoso"]
[Black "ZHOU, VANESSA G:vanessa4play"]
[Result "1-0"]
[ICCResult "Black forfeits on time"]
[WhiteElo "1468"]
[BlackElo "1352"]
[Opening "French: exchange variation"]
[ECO "C01"]
[NIC "FR.01"]
[Time "22:16:17"]
[PlyCount "69"]
[TimeControl "180+2"]

1. e4 e6 2. d4 d5 3. exd5 exd5 4. Nf3 Nf6 5. Bd3 c5 6. c3 c4 7. Bc2 Nc6 8.
Bg5 Be7 9. Nbd2 h6 10. Bh4 O-O 11. O-O Re8 12. Re1 Be6 13. b3 cxb3 14. Bxb3
Rc8 15. Rc1 Na5 16. Ba4 Bd7 17. Ne5 Bxa4 18. Qxa4 Nc6 19. Nxc6 bxc6 20. Nf3
Ne4 21. Bxe7 Rxe7 22. Ne5 Qc7 23. f3 Nf6 24. Re2 Nd7 25. Rce1 Nxe5 26. dxe5
Rce8 27. f4 f6 28. e6 f5 29. c4 Qd6 30. cxd5 cxd5 31. g3 Rxe6 32. Qxe8+
Rxe8 33. Rxe8+ Kf7 34. R8e5 Qb6+ 35. Kg2 { Black forfeits on time } 1-0

[Event "ICC tourney 2541 (3 2)"]
[Site "Internet Chess Club"]
[Date "2021.04.30"]
[Round "9"]
[White "Aimdilokwong, Alec Daniel:Alec-hine"]
[Black "BERKLEY, DARRIN K:drberkley"]
[Result "1-0"]
[ICCResult "Black checkmated"]
[WhiteElo "1666"]
[BlackElo "1846"]
[Opening "Trompowsky attack (Ruth, Opocenský opening)"]
[ECO "A45"]
[NIC "QP.07"]
[Time "22:16:37"]
[PlyCount "117"]
[TimeControl "180+2"]

1. d4 Nf6 2. Bg5 Ne4 3. Bf4 Nf6 4. Nf3 g6 5. Nc3 Bg7 6. e4 d6 7. Be2 O-O 8.
Qd2 a6 9. a4 Nc6 10. O-O Nh5 11. Be3 e5 12. dxe5 dxe5 13. Nd5 Nf6 14. Bg5
Qd6 15. Nxf6+ Kh8 16. Qxd6 cxd6 17. Nd5 Bg4 18. c3 f5 19. h3 fxe4 20. hxg4
exf3 21. Bxf3 Rae8 22. Nc7 Rc8 23. Ne6 Rf7 24. Bxc6 Rxc6 25. Nxg7 Kxg7 26.
Rfd1 h6 27. Be3 Rd7 28. Rd5 Rc4 29. f3 g5 30. a5 Kf6 31. Rad1 Ke6 32. Bb6
e4 33. R5d4 Rxd4 34. Rxd4 exf3 35. gxf3 Rf7 36. Kf2 Ke5 37. Re4+ Kd5 38.
c4+ Kc6 39. Re6 Rf4 40. c5 Rb4 41. Rxd6+ Kb5 42. Rxh6 Rxb2+ 43. Kg3 Rd2 44.
Rf6 Rd7 45. Rf5 Rg7 46. Bd8 Rg6 47. Rxg5 Rxg5 48. Bxg5 Kxa5 49. f4 Kb5 50.
Be7 a5 51. g5 a4 52. g6 a3 53. g7 a2 54. Bf6 Kxc5 55. g8=Q Kb4 56. Qxa2 b5
57. Qb2+ Ka4 58. Bc3 b4 59. Qxb4# { Black checkmated } 1-0

[Event "ICC tourney 2541 (3 2)"]
[Site "Internet Chess Club"]
[Date "2021.04.30"]
[Round "9"]
[White "SCHENK, SAM:SupaHotFiya"]
[Black "WANG, YUANZHE:yogokings12"]
[Result "1/2-1/2"]
[ICCResult "Game drawn because neither player has mating material"]
[WhiteElo "1950"]
[BlackElo "1592"]
[Opening "Queen's pawn game"]
[ECO "A45"]
[NIC "QP.07"]
[Time "22:16:29"]
[PlyCount "138"]
[TimeControl "180+2"]

1. d4 Nf6 2. e3 g6 3. h4 h5 4. Nf3 Bg7 5. Ng5 d5 6. c4 c6 7. Nc3 Bf5 8. Qb3
Qb6 9. c5 Qc7 10. Qd1 Nbd7 11. Bd3 Bxd3 12. Qxd3 e5 13. Bd2 exd4 14. exd4
O-O 15. O-O-O b6 16. cxb6 Qxb6 17. f3 Rab8 18. Qc2 c5 19. dxc5 Qxc5 20. g4
d4 21. Nce4 Nxe4 22. Nxe4 Qxc2+ 23. Kxc2 hxg4 24. fxg4 Ne5 25. Bf4 Rbc8+
26. Kb1 Nxg4 27. Rhg1 Nf6 28. Nd6 Rcd8 29. Rxd4 Ne8 30. Rd2 Nxd6 31. Rxd6
Rxd6 32. Bxd6 Rd8 33. Ba3 Rd4 34. Rh1 f5 35. h5 gxh5 36. Rxh5 f4 37. Rf5
Re4 38. Kc2 Kh7 39. Kd3 Re3+ 40. Kd2 Re4 41. Rf7 Kg6 42. Rxa7 f3 43. Ra6+
Kf5 44. Ra5+ Be5 45. Bc5 Re2+ 46. Kd3 Rxb2 47. Bd4 Re2 48. a4 Kf4 49. Bb6
Ra2 50. Ra8 f2 51. Rf8+ Kg3 52. a5 Kg2 53. Rg8+ Bg3 54. Bxf2 Kxf2 55. Ra8
Kf3 56. Kc4 Bf2 57. a6 Kg2 58. Kb5 Kf1 59. Re8 Rb2+ 60. Ka4 Ra2+ 61. Kb5
Rb2+ 62. Ka5 Ra2+ 63. Kb5 Rb2+ 64. Kc6 Ra2 65. Kb7 Rb2+ 66. Kc8 Rb6 67. a7
Ra6 68. Re7 Rxa7 69. Rxa7 Bxa7 { Game drawn because neither player has
mating material } 1/2-1/2

[Event "ICC tourney 2541 (3 2)"]
[Site "Internet Chess Club"]
[Date "2021.04.30"]
[Round "9"]
[White "ERARD, ERIC CHRISTIAN:eric-erard"]
[Black "NI, BRANDON:chessbn"]
[Result "1/2-1/2"]
[ICCResult "Game drawn because neither player has mating material"]
[WhiteElo "1695"]
[BlackElo "1930"]
[Opening "Caro-Kann: advance variation"]
[ECO "B12"]
[NIC "CK.04"]
[Time "22:16:15"]
[PlyCount "138"]
[TimeControl "180+2"]

1. e4 c6 2. d4 d5 3. e5 Bf5 4. h4 h5 5. Bd3 Bxd3 6. Qxd3 e6 7. Nf3 c5 8. c3
Nc6 9. Bg5 Qb6 10. b3 Nh6 11. Bxh6 Rxh6 12. Nbd2 cxd4 13. cxd4 Ba3 14. O-O
Bb2 15. Rad1 Nxd4 16. Nxd4 Bxd4 17. Nc4 dxc4 18. Qxd4 Qxd4 19. Rxd4 cxb3
20. axb3 Rd8 21. Rfd1 Rxd4 22. Rxd4 Rg6 23. Ra4 a6 24. Rb4 b5 25. f3 f6 26.
Re4 Kd7 27. Rd4+ Kc7 28. Re4 Kc6 29. Kf2 Kc5 30. Ke3 f5 31. Rd4 Rxg2 32.
Rd6 Rg6 33. Rxa6 Kb4 34. Rb6 Kc5 35. Rd6 Rg1 36. Rxe6 Rb1 37. Kf4 Rxb3 38.
Kxf5 Rxf3+ 39. Kg6 Rg3+ 40. Kxh5 b4 41. Re8 Kd5 42. e6 Kd6 43. e7 Kd7 44.
Rb8 Kxe7 45. Rxb4 Kf6 46. Rb7 Kf5 47. Rb5+ Ke4 48. Rg5 Ra3 49. Rxg7 Ke5 50.
Rg6 Kf5 51. Rg5+ Kf6 52. Rg1 Rf3 53. Rg6+ Kf7 54. Ra6 Rg3 55. Kh6 Kg8 56.
h5 Kh8 57. Ra8+ Rg8 58. Ra7 Rg3 59. Rh7+ Kg8 60. Re7 Kh8 61. Re6 Rg2 62.
Rg6 Rf2 63. Kg5 Rg2+ 64. Kf6 Rf2+ 65. Ke5 Rh2 66. h6 Kh7 67. Ra6 Rh5+ 68.
Kf4 Rxh6 69. Rxh6+ Kxh6 { Game drawn because neither player has mating
material } 1/2-1/2

[Event "ICC tourney 2541 (3 2)"]
[Site "Internet Chess Club"]
[Date "2021.04.30"]
[Round "9"]
[White "KALYANRAMAN, NIKHIL:nikhilkalya"]
[Black "ZILBERMINTZ, LEV:chessrex"]
[Result "1-0"]
[ICCResult "Black checkmated"]
[WhiteElo "1890"]
[BlackElo "1855"]
[Opening "Réti: Herrström gambit"]
[ECO "A04"]
[NIC "QP.11"]
[Time "22:16:23"]
[PlyCount "167"]
[TimeControl "180+2"]

1. Nf3 g5 2. Nxg5 e5 3. Nf3 Nc6 4. d3 h6 5. c4 Nf6 6. Nc3 d5 7. cxd5 Nxd5
8. g3 Be6 9. Bg2 Qd7 10. h4 O-O-O 11. Bd2 f6 12. Nxd5 Bxd5 13. Bc3 Bc5 14.
Bh3 Be6 15. Bxe6 Qxe6 16. Qb3 Qd7 17. Nd2 f5 18. Nf3 Rhe8 19. O-O-O Kb8 20.
e3 Bb6 21. d4 exd4 22. Bxd4 Nxd4 23. Nxd4 Bxd4 24. exd4 Qc6+ 25. Qc3 Qd5
26. Rhe1 Qxa2 27. Rxe8 Rxe8 28. Qc2 Qd5 29. Qd2 Re6 30. Re1 a6 31. Rxe6
Qxe6 32. Qe3 Qc4+ 33. Kd2 Qb4+ 34. Qc3 Qe7 35. Qe3 Qb4+ 36. Qc3 Qd6 37. Qe3
b5 38. Kd3 c5 39. Qe5 c4+ 40. Kc3 Kc7 41. Qxf5 Kb7 42. Qf3+ Ka7 43. Qe3 Kb7
44. Qe4+ Ka7 45. Qe3 Kb7 46. Qe4+ Ka7 47. d5 Kb7 48. Qe6 Qc5 49. Qd7+ Kb6
50. Qe6+ Kb7 51. Qxh6 Qxd5 52. Qe3 Kc7 53. Qd4 Qf3+ 54. Qe3 Qd1 55. Qd2 Qh1
56. Kd4 Qc6 57. Ke3 Qe6+ 58. Kf3 Qf5+ 59. Qf4+ Qxf4+ 60. gxf4 b4 61. Ke3 a5
62. Kd4 a4 63. Kxc4 a3 64. Kb3 axb2 65. Kxb2 Kd6 66. Kb3 Ke6 67. Kxb4 Kf5
68. h5 Kf6 69. Kc5 Kf5 70. Kd6 Kf6 71. Kd5 Kf5 72. f3 Kf6 73. Ke4 Kg7 74.
Ke5 Kf7 75. f5 Kg7 76. Ke6 Kf8 77. f6 Kg8 78. Ke7 Kh8 79. f7 Kh7 80. h6 Kg6
81. f8=Q Kg5 82. h7 Kg6 83. h8=Q Kg5 84. Qff6# { Black checkmated } 1-0

[Event "ICC tourney 2541 (3 2)"]
[Site "Internet Chess Club"]
[Date "2021.04.30"]
[Round "10"]
[White "WANG, YUANZHE:yogokings12"]
[Black "KINGSLEY, PETER F:Saixua"]
[Result "1-0"]
[ICCResult "Black resigns"]
[WhiteElo "1592"]
[BlackElo "1447"]
[Opening "Sicilian defense"]
[ECO "B41"]
[NIC "SI.41"]
[Time "22:28:33"]
[PlyCount "55"]
[TimeControl "180+2"]

1. e4 c5 2. Nf3 e6 3. d4 cxd4 4. Nxd4 g6 5. Nc3 Bg7 6. Ndb5 Bf8 7. Bf4 d6
8. Bxd6 Na6 9. Bxf8 Qxd1+ 10. Rxd1 Kxf8 11. Be2 Kg7 12. Nd6 f5 13. exf5
exf5 14. Bxa6 bxa6 15. Nxc8 Rxc8 16. Rd7+ Kf6 17. Rxa7 Ne7 18. Rxa6+ Kg7
19. O-O Rb8 20. b3 Rhe8 21. Ra7 Kg8 22. g3 Nc6 23. Rc7 Ne5 24. Nd5 Rbd8 25.
Nf6+ Kf8 26. Nxh7+ Kg8 27. Nf6+ Kf8 28. Nxe8 { Black resigns } 1-0

[Event "ICC tourney 2541 (3 2)"]
[Site "Internet Chess Club"]
[Date "2021.04.30"]
[Round "10"]
[White "ZILBERMINTZ, LEV:chessrex"]
[Black "GAO, MATTHEW IAN:xcelswimmer"]
[Result "0-1"]
[ICCResult "White resigns"]
[WhiteElo "1855"]
[BlackElo "1918"]
[Opening "French defense"]
[ECO "C01"]
[NIC "QP.08"]
[Time "22:28:33"]
[PlyCount "52"]
[TimeControl "180+2"]

1. d4 d5 2. e4 e6 3. c4 dxe4 4. Nc3 Nf6 5. f3 exf3 6. Nxf3 Be7 7. Bd3 O-O
8. O-O b6 9. Qe1 Bb7 10. Qh4 c5 11. Bg5 h6 12. Bxh6 Bxf3 13. Rxf3 Qxd4+ 14.
Qxd4 cxd4 15. Rg3 dxc3 16. Rxg7+ Kh8 17. bxc3 Nc6 18. Rf1 Ne5 19. Rxf6 Bxf6
20. Rh7+ Kg8 21. Bb1 Rfd8 22. Bc2 Ng6 23. Bxg6 fxg6 24. Rc7 Rac8 25. Bf4
Rxc7 26. Bxc7 Rc8 { White resigns } 0-1

[Event "ICC tourney 2541 (3 2)"]
[Site "Internet Chess Club"]
[Date "2021.04.30"]
[Round "10"]
[White "SZERENCSY, IAN:iszerencsy"]
[Black "CHANG, ANSEL Yiktong:anselc"]
[Result "1-0"]
[ICCResult "Black forfeits on time"]
[WhiteElo "1371"]
[BlackElo "933"]
[Opening "Sicilian: Smith-Morra gambit"]
[ECO "B21"]
[NIC "SI.48"]
[Time "22:28:37"]
[PlyCount "61"]
[TimeControl "180+2"]

1. e4 c5 2. d4 cxd4 3. c3 dxc3 4. Nxc3 d6 5. Nf3 g6 6. Bc4 Bg7 7. Bf4 Nf6
8. Qe2 O-O 9. O-O Nc6 10. Rad1 Bd7 11. h3 Rc8 12. Bb3 a6 13. a3 Qb6 14. Ba2
Rfd8 15. Bg5 Re8 16. Bxf6 Bxf6 17. e5 Bg7 18. e6 fxe6 19. Bxe6+ Bxe6 20.
Qxe6+ Kh8 21. Ng5 Rf8 22. Nf7+ Rxf7 23. Qxf7 Rf8 24. Qa2 Nd4 25. b4 Nf3+
26. gxf3 Bxc3 27. Rd3 Be5 28. Re3 Rf5 29. Qd2 Qc6 30. f4 Bxf4 31. Qc3+ {
Black forfeits on time } 1-0

[Event "ICC tourney 2541 (3 2)"]
[Site "Internet Chess Club"]
[Date "2021.04.30"]
[Round "10"]
[White "BERKLEY, DARRIN K:drberkley"]
[Black "YU, AVERY:Averyyu321"]
[Result "1-0"]
[ICCResult "Black checkmated"]
[WhiteElo "1846"]
[BlackElo "1671"]
[Opening "Sicilian: closed"]
[ECO "B23"]
[NIC "SI.44"]
[Time "22:29:04"]
[PlyCount "69"]
[TimeControl "180+2"]

1. e4 c5 2. Nc3 d6 3. f4 Nf6 4. Nf3 Nc6 5. Bb5 Bd7 6. O-O a6 7. Bxc6 Bxc6
8. d3 g6 9. Qe1 Bg7 10. Qh4 h5 11. f5 Qb6 12. fxg6 fxg6 13. Kh1 O-O-O 14.
h3 Rhf8 15. Rb1 Nd7 16. Be3 Ne5 17. Nd5 Bxd5 18. exd5 Bf6 19. Qe1 Rg8 20.
b4 cxb4 21. Bxb6 Nxf3 22. Rxf3 Bc3 23. Qf2 Rd7 24. Rf8+ Rd8 25. Bxd8 Rxf8
26. Qxf8 Kb8 27. Bxe7+ Ka7 28. Bxd6 Kb6 29. Bxb4 Bxb4 30. Rxb4+ Ka7 31.
Qc5+ Kb8 32. Qb6 Kc8 33. Qxb7+ Kd8 34. Qa7 Ke8 35. Rb8# { Black checkmated
} 1-0

[Event "ICC tourney 2541 (3 2)"]
[Site "Internet Chess Club"]
[Date "2021.04.30"]
[Round "10"]
[White "MARKOVIC, GORAN:Goran21"]
[Black "BELOUS, VLADIMIR:Openyagami"]
[Result "0-1"]
[ICCResult "White resigns"]
[WhiteElo "1995"]
[BlackElo "2602"]
[Opening "Sicilian defense"]
[ECO "B30"]
[NIC "SI.31"]
[Time "22:28:31"]
[PlyCount "68"]
[TimeControl "180+2"]

1. e4 c5 2. Nf3 Nc6 3. d3 g6 4. g3 Bg7 5. Bg2 Nf6 6. O-O O-O 7. Nbd2 d6 8.
a4 Rb8 9. Nc4 a6 10. e5 dxe5 11. Nfxe5 Nxe5 12. Nxe5 Nd5 13. Re1 Be6 14. c3
Qc7 15. Nc4 Rbd8 16. Qf3 b5 17. axb5 axb5 18. Nd2 b4 19. c4 Nf6 20. Nb3 Bf5
21. Be3 Nd7 22. d4 cxd4 23. Bxd4 e5 24. Ra7 Qxc4 25. Rc1 Bc2 26. Na5 Qxd4
27. Nc6 Qd2 28. Rca1 e4 29. Qg4 Ne5 30. Ne7+ Kh8 31. Qh3 Nf3+ 32. Kh1 Qxf2
33. Rf1 Qxa7 34. Qd7 Qxd7 { White resigns } 0-1

[Event "ICC tourney 2541 (3 2)"]
[Site "Internet Chess Club"]
[Date "2021.04.30"]
[Round "10"]
[White "palani, mohnishkirupaa:chesswarriors12"]
[Black "SCHENK, SAM:SupaHotFiya"]
[Result "0-1"]
[ICCResult "White resigns"]
[WhiteElo "1347"]
[BlackElo "1950"]
[Opening "Queen's Pawn"]
[ECO "A41"]
[NIC "QO.17"]
[Time "22:28:45"]
[PlyCount "140"]
[TimeControl "180+2"]

1. d4 d6 2. Bf4 g6 3. Nf3 Bg7 4. e3 b6 5. c3 a6 6. Bd3 Bb7 7. Nbd2 Nd7 8.
O-O e5 9. Bg3 Qe7 10. e4 Ngf6 11. Re1 O-O 12. Nc4 Nh5 13. dxe5 dxe5 14. Bh4
f6 15. Bg3 Rad8 16. Qc2 Nc5 17. Rad1 Ne6 18. Ne3 Nhf4 19. Bxf4 Nxf4 20. Nf1
h5 21. Ng3 Rd6 22. Bc4+ Kh7 23. Rd2 Rfd8 24. Red1 Bc8 25. Kf1 b5 26. Bb3
Bg4 27. Rxd6 Rxd6 28. Rxd6 Qxd6 29. Ne2 Bxf3 30. gxf3 Nh3 31. c4 b4 32. c5
Qf8 33. Qc4 a5 34. Qb5 Qa8 35. Bd5 Qa7 36. Kg2 Ng5 37. f4 exf4 38. Nxf4 h4
39. Qe8 h3+ 40. Kg1 Nf3+ 41. Kh1 Ne5 42. Qg8+ Kh6 43. Ne6 c6 44. Qxg7+ Qxg7
45. Nxg7 Kxg7 46. Bb3 Nd3 47. Kg1 Nxc5 48. Bc2 a4 49. Kf1 b3 50. axb3 axb3
51. Bb1 Na4 52. Ke2 Nxb2 53. Kf3 Nc4 54. Kg3 Nd2 55. Bd3 b2 56. Kxh3 b1=Q
57. Bxb1 Nxb1 58. Kg4 c5 59. Kf4 c4 60. Ke3 c3 61. Kd3 Kf7 62. Kc2 Nd2 63.
Kxc3 Nxe4+ 64. Kd3 Nxf2+ 65. Ke3 Ng4+ 66. Kf4 Nxh2 67. Kg3 Nf1+ 68. Kf2 Ke6
69. Kxf1 Kf5 70. Kf2 Kf4 { White resigns } 0-1

[Event "ICC tourney 2541 (3 2)"]
[Site "Internet Chess Club"]
[Date "2021.04.30"]
[Round "10"]
[White "LEVIN, EVGENY A:Assured"]
[Black "KALYANRAMAN, NIKHIL:nikhilkalya"]
[Result "1-0"]
[ICCResult "Black checkmated"]
[WhiteElo "2586"]
[BlackElo "1890"]
[Opening "King's Indian: Torre attack"]
[ECO "A48"]
[NIC "QP.01"]
[Time "22:28:34"]
[PlyCount "63"]
[TimeControl "180+2"]

1. d4 Nf6 2. Nf3 g6 3. Bg5 Bg7 4. Nbd2 d6 5. e3 c5 6. c3 Bg4 7. Be2 Nc6 8.
O-O cxd4 9. cxd4 Bxf3 10. Nxf3 Qa5 11. Qb3 Qb6 12. Qa3 O-O 13. Rfc1 Ne4 14.
Bh4 h6 15. Bd3 f5 16. Bxe4 fxe4 17. Nd2 g5 18. Bg3 d5 19. Rc5 Nxd4 20. exd4
Bxd4 21. Nb3 Bxc5 22. Nxc5 Rac8 23. b4 a5 24. Nd7 axb4 25. Qb2 Qb5 26. Nxf8
Rxf8 27. Rc1 Qd3 28. Qe5 Qd2 29. Qe6+ Rf7 30. Rc8+ Kg7 31. Be5+ Kh7 32.
Qxf7# { Black checkmated } 1-0

[Event "ICC tourney 2541 (3 2)"]
[Site "Internet Chess Club"]
[Date "2021.04.30"]
[Round "10"]
[White "FEHD, JODIE LYNN:spaceegg"]
[Black "HIBBS, ROBERT:BotanicalKnight"]
[Result "0-1"]
[ICCResult "White checkmated"]
[WhiteElo "1186"]
[BlackElo "1381"]
[Opening "Caro-Kann: advance variation"]
[ECO "B12"]
[NIC "CK.04"]
[Time "22:28:39"]
[PlyCount "100"]
[TimeControl "180+2"]

1. e4 c6 2. d4 d5 3. e5 Bf5 4. c3 Qb6 5. Nd2 a6 6. Qf3 Bd7 7. Nh3 e6 8. Ng5
Nh6 9. Nb3 c5 10. Nh3 Nf5 11. g4 Nh6 12. Bxh6 gxh6 13. g5 cxd4 14. cxd4 Nc6
15. Qh5 Nxd4 16. Bd3 Nxb3 17. axb3 Qxb3 18. Ra3 Qxb2 19. Ra5 Bb4+ 20. Kf1
Bxa5 21. gxh6 Bb5 22. Ng5 Bxd3+ 23. Kg2 Be4+ 24. Kh3 Bg6 25. Qf3 Qxe5 26.
Rg1 Bf5+ 27. Kh4 Bd8 28. Kh5 Bg6+ 29. Kh4 Rg8 30. Kh3 Qf5+ 31. Rg4 Qxf3+
32. Nxf3 Bf5 33. Nh4 Bxg4+ 34. Kg2 Bxh4 35. Kf1 Bd8 36. Ke1 Rc8 37. Kd2 b5
38. Kd3 b4 39. Kd4 f6 40. f4 a5 41. h4 a4 42. Kd3 b3 43. Kd2 a3 44. Kd3 b2
45. Kd4 a2 46. Kd3 a1=Q 47. Kd2 b1=Q 48. Ke3 Bb6+ 49. Kd2 Bh5 50. f5 Rg2# {
White checkmated } 0-1

[Event "ICC tourney 2541 (3 2)"]
[Site "Internet Chess Club"]
[Date "2021.04.30"]
[Round "10"]
[White "ZENG, CALEB:calebzeng"]
[Black "Zimmerman, Kevin:blackjack721"]
[Result "0-1"]
[ICCResult "White checkmated"]
[WhiteElo "805"]
[BlackElo "1359"]
[Opening "Ruy Lopez: Berlin defense"]
[ECO "C65"]
[NIC "RL.07"]
[Time "22:28:28"]
[PlyCount "80"]
[TimeControl "180+2"]

1. e4 e5 2. Nf3 Nc6 3. Bb5 Nf6 4. Bxc6 dxc6 5. Nc3 Bc5 6. d3 Bg4 7. h3 Bh5
8. g4 Nxg4 9. hxg4 Bxg4 10. Rg1 h5 11. Be3 Qe7 12. Bxc5 Qxc5 13. d4 exd4
14. Qxd4 Qe7 15. Qe3 c5 16. O-O-O f6 17. Kb1 Kf7 18. Rd2 Rhd8 19. Rgd1 Rd6
20. Rxd6 cxd6 21. Nd5 Qd7 22. Rg1 Re8 23. Qb3 Kg6 24. Nf4+ Kh7 25. Nd2 b5
26. Qd5 Re5 27. Qd3 c4 28. Qd4 a5 29. f3 Be6 30. Nxe6 Qxe6 31. Rh1 g6 32.
f4 Rc5 33. b3 c3 34. Nf3 a4 35. b4 Rc4 36. Qd5 Rxb4+ 37. Kc1 Qxd5 38. exd5
Rb2 39. Rd1 Rxa2 40. Rd4 Ra1# { White checkmated } 0-1